 Dungeon Crawl Stone Soup version 0.27.0-1-g7a089689b8 (webtiles) character file.

Game seed: 4027721273290845506

2606 freelancePsychic the Chiller (level 9, -1/74 HPs)
             Began as a White Draconian Transmuter on Aug 17, 2021.
             Was an Initiate of Vehumet.
             Slain by an unseen horror (3 damage)
             ... on level 7 of the Dungeon.
             The game lasted 00:18:48 (9503 turns).

freelancePsychic the Chiller (DrTm)                 Turns: 9503, Time: 00:18:49

Health: -1/74      AC: 10    Str: 12    XL:     9   Next: 33%
Magic:  10/12      EV: 12    Int: 18    God:    Vehumet [......]
Gold:   309        SH:  0    Dex: 11    Spells: 4/12 levels left

rFire    + . .     SeeInvis .     - Unarmed
rCold    + + .     Faith    .   (no shield)
rNeg     . . .     Spirit   .   (armour unavailable)
rPois    +         Reflect  .   (helmet restricted)
rElec    +         Harm     .   (no cloak)
rCorr    +         Rampage  .   (no gloves)
Will     .....                  j - +2 pair of boots
Stlth    +.........             (no amulet)
HPRegen  0.22/turn              q - ring of wizardry
MPRegen  0.13/turn              (no ring)

@: brilliant, resistant
A: breathe frost, AC +7, unfitting armour, cold resistance 1, cold-blooded
a: Breathe Frost, Renounce Religion


You were on level 7 of the Dungeon.
You worshipped Vehumet.
Vehumet was noncommittal.
You visited 2 branches of the dungeon, and saw 8 of its levels.
You also visited: Sewer.

You collected 309 gold pieces.

Inventory:

Missiles
 i - 4 curare-tipped darts (quivered)
Armour
 j - a +2 pair of boots (worn)
Jewellery
 q - a ring of wizardry (left hand)
Wands
 b - a wand of iceblast (6)
Scrolls
 d - a scroll of enchant weapon
 k - 2 scrolls of teleportation {@r4}
 l - 2 scrolls of fog
 o - a scroll of blinking
 r - a scroll of immolation
 s - a scroll of enchant armour
Potions
 c - a potion of haste {unknown}
 g - a potion of brilliance
 h - a potion of cancellation
 m - a potion of resistance
 n - a potion of degeneration {unknown}


   Skills:
 + Level 5.5 Fighting
 + Level 2.4 Dodging
 - Level 5.3 Unarmed Combat
 - Level 2.0 Spellcasting
 - Level 4.2 Conjurations
 - Level 5.4 Transmutations
 - Level 3.4 Fire Magic
 + Level 7.8 Ice Magic
 - Level 1.5 Poison Magic


You had 4 spell levels left.
You knew the following spells:

 Your Spells              Type           Power      Damage    Failure   Level
b - Foxfire               Conj/Fire      92%        2x1d8     1%          1
c - Spider Form           Tmut/Pois      10%        N/A       5%          3
d - Ice Form              Ice/Tmut       38%        N/A       4%          4

Your spell library contained the following spells:

 Spells                   Type           Power      Damage    Failure   Level
 Beastly Appendage        Tmut           62%        N/A       1%          1
 Magic Dart               Conj           100%       1d8       1%          1
 Wereblood                Tmut           31%        N/A       1%          2
 Conjure Flame            Conj/Fire      23%        6-21      4%          3
 Animate Skeleton         Necr           4%         N/A       8%          1
 Pain                     Necr           8%         1d4       8%          1
 Call Imp                 Summ           2%         N/A       11%         2
 Inner Flame              Hex/Fire       12%        N/A       11%         3
 Mephitic Cloud           Conj/Pois/Air  12%        N/A       11%         3
 Vampiric Draining        Necr           1%         2d6       21%         3
 Conjure Ball Lightning   Conj/Air       7%         3x3d6     98%         6
 Discord                  Hex            1%         N/A       100%        8
 Disjunction              Tloc           1%         N/A       100%        8


Dungeon Overview and Level Annotations

Branches:
Dungeon (7/15)             Temple (1/1) D:4           Sewer (visited)

Altars:
Cheibriados
Gozag
Hepliaklqana
Kikubaaqudgha
Okawaru
Ru
Sif Muna
Trog
Uskayaw
Vehumet
Xom
Zin
The Shining One

Shops:
D:5 (

Annotations:
D:3 Edmund


Innate Abilities, Weirdness & Mutations

You can breathe waves of freezing cold which knock back foes.
Your icy white scales are hard. (AC +7)
You cannot fit into any form of body armour.
Your flesh is cold resistant. (rC+)
You are cold-blooded and may be slowed by cold attacks.


Message History

* * * LOW HITPOINT WARNING * * *
Your foxfire dissipates!
Your transformation is almost over.
Something hits you.
* * * LOW HITPOINT WARNING * * *
Something barely misses you.
Okay, then.
It was a potion of attraction.
You feel attractive to monsters. Something hits you.
* * * LOW HITPOINT WARNING * * *
Something barely misses you.
You fade into invisibility!
Something barely misses you. Something hits you.
* * * LOW HITPOINT WARNING * * *
You are very lightly contaminated with residual magic.
Really quaff the potion of lignification?
Your transformation has ended.
Your +2 pair of boots unmelds from your body.
You turn into a tree.
Your +2 pair of boots melds into your body.
Your roots penetrate the ground.
Something hits you but does no damage. Something is pulled toward you!
It was a potion of cancellation.
Your magical effects are unravelling.
You feel magically purged.
Your magical contamination has completely faded away.
You feel less wooden.
Your +2 pair of boots unmelds from your body.
You flicker back into view.
Something hits you but does no damage. Something is pulled toward you!
You feel less attractive to monsters.
It was a potion of resistance.
You feel protected. Something hits you but does no damage. Something hits you.
* * * LOW HITPOINT WARNING * * *
It was a potion of brilliance.
You feel clever all of a sudden. Something barely misses you.
Something hits you.
You die...

#.# #.# #... #.#
#.# #... ##.# #.#
#...
######..###.###..)
#................)
#.####..##.#######
#.# #..##.# ...
#.# #..##.# #....
#@# #..##.# #....
#.# #..##.# #....
#.# #..##.# #####
#!# #..##.# #.#
#..........
#..........
####.###... .# .#


There were no monsters in sight!

Vanquished Creatures
  A two-headed ogre (D:5)
  Menkaure (D:4)
  A water moccasin (D:4)
  A sky beast (D:3)
  An ice beast (D:6)
  2 ogres (D:4)
  2 centaurs
  3 bullfrogs
  A kobold brigand (D:7)
  Blork the orc (D:4)
  A scorpion (D:4)
  A water moccasin zombie (D:6)
  A water moccasin skeleton (D:4)
  A wyvern skeleton (D:5)
  A centaur zombie (D:5)
  A jelly (D:5)
  3 orc priests
  A bullfrog skeleton (D:5)
  A hound (D:6)
  Jessica (D:3)
  An iguana (D:7)
  4 orc wizards
  A killer bee zombie (D:7)
  A hound skeleton (D:4)
  12 adders
  A river rat (D:3)
  An adder skeleton (D:2)
  3 worms
  13 orcs
  18 ball pythons
  16 endoplasms
  12 giant cockroaches
  10 hobgoblins
  8 jackals (D:2)
  9 quokkas
  6 bats
  15 frilled lizards
  3 goblins
  11 kobolds
  6 rats
177 creatures vanquished.

Vanquished Creatures (others)
  331 foxfires
  A plant (D:5)
332 creatures vanquished.

Grand Total: 509 creatures vanquished

Notes
Turn   | Place    | Note
-------+----------+-------------------------------------------
     0 | D:1      | freelancePsychic the Draconian Transmuter began the quest
                  | for the Orb.
     0 | D:1      | Reached XP level 1. HP: 16/16 MP: 3/3
   338 | D:1      | Reached XP level 2. HP: 18/23 MP: 5/5
  1284 | D:2      | Reached skill level 1 in Poison Magic
  1284 | D:2      | Reached XP level 3. HP: 14/29 MP: 6/6
  1751 | D:2      | Learned a level 1 spell: Foxfire
  1816 | D:2      | Reached XP level 4. HP: 27/36 MP: 7/7
  2426 | D:3      | Reached skill level 1 in Conjurations
  2437 | D:3      | Reached skill level 1 in Fire Magic
  2471 | D:3      | Found a glowing drain.
  2475 | Sewer    | Entered a sewer
  3123 | Sewer    | Reached XP level 5. HP: 41/41 MP: 1/8
  3735 | Sewer    | Reached XP level 6. HP: 48/48 MP: 4/9
  4631 | D:3      | Found a faded altar of an unknown god.
  4655 | D:3      | Noticed Jessica
  4659 | D:3      | Killed Jessica
  4981 | D:4      | Your scales start taking on an icy white colour.
  4981 | D:4      | Reached XP level 7. HP: 47/55 MP: 2/10
  4981 | D:4      | Gained mutation: Your flesh is cold resistant. (rC+) [White
                  | Draconian growth]
  5188 | D:4      | Reached skill level 2 in Ice Magic
  5468 | D:4      | Noticed Edmund
  5661 | D:4      | Noticed Menkaure
  5671 | D:4      | Killed Menkaure
  5672 | D:4      | Reached skill level 3 in Ice Magic
  5685 | D:4      | Reached skill level 4 in Ice Magic
  5708 | D:4      | Reached XP level 8. HP: 17/61 MP: 3/11
  6117 | D:4      | Reached skill level 5 in Ice Magic
  6131 | D:4      | Reached skill level 5 in Transmutations
  6237 | D:4      | Learned a level 3 spell: Spider Form
  6242 | D:4      | Learned a level 4 spell: Ice Form
  6319 | D:4      | Noticed Blork the orc
  6334 | D:4      | Killed Blork the orc
  6797 | D:4      | Found a staircase to the Ecumenical Temple.
  6808 | Temple   | Entered the Ecumenical Temple
  6895 | Temple   | Became a worshipper of Vehumet
  6950 | D:5      | Entered Level 5 of the Dungeon
  7088 | D:5      | Found Luquaf's Hydra Hut.
  7090 | D:5      | Noticed a five-headed hydra
  7433 | D:5      | Noticed a two-headed ogre
  7458 | D:5      | Killed a two-headed ogre
  7459 | D:5      | Reached skill level 5 in Unarmed Combat
  7459 | D:5      | Reached skill level 7 in Ice Magic
  7459 | D:5      | Reached XP level 9. HP: 72/72 MP: 12/12
  8051 | D:5      | Found a glowing silver altar of Zin.
  8310 | D:6      | Reached skill level 5 in Fighting
  8519 | D:6      | Found a hazy altar of Hepliaklqana.
  8897 | D:6      | Found an ancient bone altar of Kikubaaqudgha.
  8952 | D:6      | Identified the +1 ring mail "Syibboe" {Int+7}
  9502 | D:7      | HP: 2/74 [something (6)]
  9503 | D:7      | Slain by an unseen horror

Illustrated notes

Levels and vault maps discovered:
D:1:      minmay_arrival_four_houses, layout_loops_ring, minmay_tetromino_l2
D:2:      layout_rooms
D:3:      layout_basic, hellmonk_ecumenical_altar_slurped_away,
          gup_sewer_entry_bowl, dk_noncrumbling_3, uniq_jessica
D:4:      layout_basic, minmay_temple_entry_trees, uniq_blork_the_orc,
          uniq_menkaure, uniq_edmund
D:5:      layout_basic, zin_scriptorium, doesnt_shop_hydraphobe
D:6:      layout_gridville, nicolae_kikubaaqudgha_miasma_corner,
          mainiacjoe_overflow_tiny_flanked
D:7:      layout_basic, makhleb_grotto_becter, nemelex_spade_bored_becter,
          mainiacjoe_overflow_catch_the_wave, enter_bailey_5
Temple:   compressed_dpeg_circular_temple

Skill      XL: |  1  2  3  4  5  6  7  8  9 |
---------------+----------------------------+-----
Fighting       | 2 4 5 |  5.5
Poison Magic   | 1 |  1.5
Conjurations   | 1 3 4 |  4.2
Fire Magic     | 1 3 3 |  3.4
Ice Magic      | 4 7 |  7.8
Transmutations | 4 5 |  5.4
Unarmed Combat | 5 |  5.3
Dodging        | 2 |  2.4
Spellcasting   | |  2.0

Action                   |  1- 3 |  4- 6 |  7- 9 || total
-------------------------+-------+-------+-------++-------
Melee: Unarmed           |   134 |    96 |   144 ||   374
       Tailslap          |    18 |     6 |     6 ||    30
       Headbutt          |     5 |     1 |     1 ||     7
       Kick              |    11 |     4 |     7 ||    22
       Punch             |     1 |     2 |       ||     3
Throw: Dart              |       |       |    12 ||    12
 Cast: Beastly Appendage |     9 |     5 |     6 ||    20
       Foxfire           |       |   151 |    34 ||   185
       Ice Form          |       |       |    14 ||    14
       Spider Form       |       |       |     4 ||     4
 Abil: Breathe Frost     |       |       |     5 ||     5
  Use: Scroll            |       |     6 |     7 ||    13
       Potion            |       |       |     9 ||     9
 Stab: Sleeping          |     1 |       |       ||     1
       Invisible         |       |       |     1 ||     1
Armor: Skin              |    40 |    65 |    64 ||   169
Dodge: Dodged            |    78 |   123 |   126 ||   327
